 Dungeon Crawl Stone Soup version 0.20-a0-1124-g2e29d97 (webtiles) character file.

106266 Leszczynek the Martial Artist (level 16, -4/110 HPs)
             Began as an Octopode Wanderer on May 15, 2017.
             Was the Champion of Fedhas.
             Slain by a merfolk
             ... wielding a +0 glaive
              (22 damage)
             ... on level 1 of the Shoals.
             The game lasted 02:51:48 (40328 turns).

Leszczynek the Martial Artist (Octopode Wanderer)  Turns: 40328, Time: 02:51:50

Health: -4/110     AC:  1    Str: 18    XL:     16   Next: 43%
Magic:  10/22      EV: 19    Int: 16    God:    Fedhas [******]
Gold:   245        SH: 16    Dex: 17    Spells: 14/23 levels left

rFire    + . .     SeeInvis .     - Unarmed
rCold    . . .     Gourm    +   f - +3 shield
rNeg     . . .     Faith    .   (helmet restricted)
rPois    +         Spirit   .   y - amulet of Lies {Gourm Slay+3}
rElec    .         Reflect  .   l - ring of stealth
rCorr    .         Harm     .   A - ring of poison resistance
MR       ++...                  j - ring of protection from magic
Stlth    ++++++....             R - +5 ring of strength
Regen    0.3/turn               S - +2 ring of strength
MPRegen  0.2/turn               V - ring of protection from fire
                                (no ring)
                                (no ring)

@: lethally poisoned (-4 -> -14), very slightly contaminated, studying Throwing
A: almost no armour, stealthy swim, amphibious, 8 rings, constrict 8, camouflage
1, gelatinous body 1
a: Fungal Bloom, Evolution, Sunlight, Growth, Reproduction, Rain, Renounce
Religion


You were on level 1 of the Shoals.
You worshipped Fedhas.
Fedhas was exalted by your worship.
You were not hungry.

You visited 4 branches of the dungeon, and saw 24 of its levels.

You collected 2476 gold pieces.
You spent 2231 gold pieces at shops.

Inventory:

Hand Weapons
 a - a +0 hunting sling of venom
 b - a +5 blowgun
Missiles
 c - a throwing net
 w - 3 javelins
 z - 80 sling bullets
 E - 51 tomahawks (quivered)
 Y - 6 curare-tipped needles
Armour
 f - a +3 shield (worn)
Jewellery
 j - a ring of protection from magic (on tentacle)
 l - a ring of stealth (left tentacle)
 y - the amulet of Lies (around mantle) {Gourm Slay+3}
   (You found it on level 6 of the Lair of Beasts)

   [amulet of the gourmand]

   It allows you to eat raw meat even when not hungry.
   It affects your accuracy and damage with ranged weapons and melee attacks
   (+3).
 A - a ring of poison resistance (right tentacle)
 R - a +5 ring of strength (on tentacle)
 S - a +2 ring of strength (on tentacle)
 V - a ring of protection from fire (on tentacle)
Wands
 h - a wand of polymorph (10/24)
 k - a wand of lightning (1/15)
 u - a wand of lightning (5/15)
 D - a wand of clouds (4/9)
 G - a wand of acid (1/15)
 H - a wand of confusion (12/48)
 T - a wand of scattershot (3/9)
 U - a wand of paralysis (6/24)
 X - a wand of confusion (21/48)
 Z - a wand of iceblast (7/15)
Scrolls
 e - a scroll of blinking
 n - 10 scrolls of remove curse {@r2}
 r - a scroll of fear
 t - 2 scrolls of enchant armour
 F - a scroll of summoning
 M - 4 scrolls of fog
 N - 11 scrolls of teleportation
Potions
 i - 3 potions of cancellation
 m - a potion of magic
 o - a potion of berserk rage {!q}
 p - 4 potions of resistance
 x - 4 potions of mutation {!q}
 B - a potion of agility
 C - 5 potions of brilliance
 J - 3 potions of curing {@q1}
 K - a potion of might
 L - a potion of lignification {!q}
 W - a potion of ambrosia
Books
 v - a manual of Throwing
Miscellaneous
 q - a sack of spiders
 I - a fan of gales
 Q - a lamp of fire
Comestibles
 d - 11 bread rations
 g - 15 meat rations
 s - 13 fruits {!e}
 P - 2 royal jellies


   Skills:
 - Level 10.4 Fighting
 + Level 3.6 Throwing
 - Level 8.9 Dodging
 - Level 7.4 Stealth
 - Level 11.6 Shields
 - Level 14.0 Unarmed Combat
 - Level 4.2 Spellcasting
 - Level 4.0 Hexes
 - Level 8.2 Summonings
 * Level 5.6 Ice Magic
 - Level 8.0 Air Magic
 - Level 9.0 Invocations
 - Level 8.6 Evocations


You had 14 spell levels left.
You knew the following spells:

 Your Spells              Type           Power        Failure   Level  Hunger
a - Confusing Touch       Hex            ###...       4%          1    None
b - Summon Ice Beast      Ice/Summ       ####....     14%         4    ####...
f - Summon Lightning Spi  Summ/Air       ####....     9%          4    ####...


Dungeon Overview and Level Annotations

Branches:
Dungeon (15/15)            Temple (0/1) D:7            Lair (6/6) D:8
 Shoals (1/4) Lair:2       Spider (0/4) Lair:4        Slime (0/5) Lair:5
    Orc (2/2) D:12            Elf (0/3) Orc:2        Vaults (0/5) D:13
 Depths (0/5) D:15

Altars:
Cheibriados
Dithmenos
Fedhas
Gozag
Hepliaklqana
Makhleb
Okawaru
Qazlal
Sif Muna
Vehumet
Wu Jian
Xom
Zin
The Shining One

Shops:
D:11 }   Orc:2 (%?(

Annotations:
D:1 exclusion: downstairs
D:2 1 runed door, exclusion: downstairs, Sigmund
D:4 exclusions: downstairs, orc and orc priest
D:5 exclusion: ice beast, Dowan, Duvessa
D:7 exclusions: orc priest and orc warrior
D:9 OKLOB c, exclusion: downstairs, Erica
D:11 plants S, water
D:12 exclusion: hydra
D:14 exclusion: wizard, Snorg
D:15 death knight pack
Lair:1 6h
Lair:2 6h, 7h, some vault (dire e), OKLOB NW, S (water), Nergalle
Lair:3 !, lots of plants east, Harold
Lair:4 8ho
Lair:5 5h (s), 6h (s), exclusion: 2 hydras
Lair:6 oklob near the vault
Orc:1 stone giant
Orc:2 OKLOB NW from vault


Innate Abilities, Weirdness & Mutations

You cannot wear most types of armour.
You are very stealthy in the water. (Stealth+)
You are amphibious.
You can wear up to eight rings at the same time.
You can use your tentacles to constrict eight enemies at once.
Your skin changes colour to match your surroundings (Stealth+).
Your rubbery body absorbs attacks. (AC +1, EV +1)


Message History

You block the merfolk impaler's attack.
You bludgeon the merfolk impaler!
You kill the merfolk impaler!
You feel sick. The tomahawk hits your lightning spire.
Your ice beast struggles against the net.
You block the merfolk's attack.
The merfolk hits your ice beast with a glaive!
Your ice beast dies!
You feel sick.
The merfolk throws a tomahawk.
The tomahawk hits your lightning spire but does no damage.
Things that are here:
a trident of venom; a robe; a tomahawk You feel sick.
The merfolk hits you with a glaive!!
* * * LOW HITPOINT WARNING * * *
You see here a tomahawk.
You bludgeon the merfolk! Your grab misses the merfolk.
The merfolk is moderately wounded.
You feel sick. The merfolk misses you. The merfolk hits you with a glaive!!
You die...
Fedhas appreciates your contribution to the ecosystem.

≈≈≈≈≈≈≈≈≈..(.≈≈(((
≈≈≈≈≈≈≈.....≈≈≈≈..
≈≈≈≈≈≈.......≈≈...
≈≈≈≈≈≈.....(≈≈.≈..
≈≈≈≈≈≈.[..(≈......
≈≈≈≈≈≈.......m#...
≈≈≈.....(.>..## ≈≈≈≈
≈≈≈≈....m##8.###≈≈≈≈
≈≈≈≈≈....)@m....≈≈≈≈
≈≈≈≈............≈≈≈≈
≈≈≈≈≈..≈≈.......≈≈≈≈
≈≈≈≈≈............≈≈≈
≈
≈≈≈≈≈≈....≈.........
≈≈
≈≈≈≈≈≈≈...≈÷.###.(
P≈ ≈≈≈≈≈≈≈.≈≈≈..# #
.≈ ≈≈≈≈≈≈≈.≈≈≈..###
#. ≈≈≈≈≈≈≈≈≈≈.).##
### #.


You could see 3 merfolk and a friendly lightning spire.

Vanquished Creatures
  A stone giant (Orc:2)
  A dire elephant (Lair:2)
  A merfolk impaler (Shoals:1)
  Erolcha (D:9)
  A hydra (D:9)
  2 centaur warriors
  3 catoblepae
  2 dancing weapons (D:13)
  12 two-headed ogres
  4 death yaks (Lair:6)
  An ogre mage (D:15)
  An orc high priest (Orc:2)
  A tengu warrior (D:14)
  Sonja (D:12)
  7 skeletal warriors (D:15)
  5 unseen horrors
  A sea snake (Shoals:1)
  2 wizards (D:15)
  7 harpies (Shoals:1)
  5 orc knights
  2 deep elf magi
  3 orc sorcerers (Orc:2)
  5 ugly things (D:15)
  6 cyclopes
  A salamander (shapeshifter) (D:14)
  8 manticores
  A merfolk siren (Shoals:1)
  2 wandering mushrooms
  7 elephants
  A black mamba (Lair:6)
  8 spiny frogs
  2 naga magi (D:15)
  A water nymph (Shoals:1)
  3 gargoyles
  3 kobold demonologists (D:14)
  3 rime drakes
  An efreet (D:15)
  3 komodo dragons
  A troll (shapeshifter) (D:13)
  2 hornets
  7 merfolk (Shoals:1)
  2 wind drakes (Shoals:1)
  8 trolls
  8 hippogriffs
  6 dream sheep
  6 blink frogs
  6 slime creatures
  2 centaur simulacra (D:10)
  A wraith (D:10)
  A shadow (D:12)
  6 spriggans (D:12)
  53 yaks
  A tarantella (shapeshifter) (D:15)
  2 wyverns
  2 water elementals (Shoals:1)
  A basilisk (D:15)
  6 vampire mosquitoes
  Grum (D:9)
  A hungry ghost (D:9)
  2 soldier ants
  An acid dragon (D:14)
  5 water moccasins
  4 porcupines
  24 orc warriors
  5 black bears
  3 eyes of draining
  3 phantoms
  4 ice beasts
  A necrophage (D:10)
  6 sky beasts
  19 ogres
  14 wolves
  28 centaurs
  13 crocodiles
  18 bullfrogs
  5 big kobolds
  A gnoll sergeant (D:12)
  3 wyvern skeletons
  5 scorpions
  22 wights
  23 killer bees
  4 howler monkeys
  5 electric eels
  A centaur zombie (D:5)
  10 crimson imps
  A quasit (D:6)
  4 bullfrog skeletons
  5 hounds
  5 jellies
  28 orc wizards
  14 orc priests
  8 centaur skeletons
  11 worker ants
  6 iguanas
  3 hound skeletons
  A worker ant zombie (D:6)
  Robin (D:3)
  8 gnolls
  A howler monkey skeleton (D:10)
  14 adders
  2 river rats (D:3)
  4 shadow imps
  A worker ant simulacrum (D:10)
  2 oozes (Lair:5)
  3 adder skeletons
  3 worms
  An adder simulacrum (D:10)
  3 leopard geckos
  92 orcs
  A ball python (D:2)
  5 bats
  5 giant cockroaches
  19 goblins
  8 hobgoblins
  9 jackals
  6 quokkas
  7 frilled lizards
  A jackal zombie (D:8)
  13 kobolds
  2 leopard gecko skeletons
  A quokka skeleton (D:4)
  8 rats
  3 ballistomycete spores (Orc:2)
  A plant (Lair:2)
  A toadstool (Lair:2)
782 creatures vanquished.

Vanquished Creatures (collateral kills)
  A dire elephant (Lair:6)
  A centaur warrior (D:15)
  4 hydras
  A merfolk aquamancer (Shoals:1)
  A catoblepas (Lair:2)
  2 two-headed ogres
  An alligator snapping turtle (Shoals:1)
  A deep troll shaman (Lair:6)
  6 death yaks (Lair:6)
  2 orc high priests (Orc:2)
  2 skeletal warriors (D:15)
  2 orc knights (Orc:2)
  3 orc sorcerers (Orc:2)
  2 manticores (Shoals:1)
  7 elephants
  3 black mambas
  A merfolk siren (Shoals:1)
  3 spiny frogs
  2 komodo dragons
  2 rime drakes (Lair:2)
  3 trolls (Orc:2)
  2 merfolk (Shoals:1)
  7 blink frogs
  A slime creature (D:13)
  A snapping turtle (Shoals:1)
  3 hippogriffs
  A wyvern (Lair:6)
  9 yaks
  A warg (Orc:2)
  6 porcupines
  A water moccasin (Lair:4)
  7 orc warriors
  An ice beast (D:8)
  4 ogres (Orc:2)
  A centaur (Lair:2)
  12 wolves
  2 crocodiles
  A bullfrog (Lair:4)
  4 wights (D:8)
  An electric eel (D:11)
  A jelly (Lair:5)
  4 orc priests
  5 orc wizards
  A wandering mushroom (Orc:2)
  16 orcs
  A ballistomycete (Orc:2)
  2 ballistomycete spores
145 creatures vanquished.

Vanquished Creatures (others)
  4 oklob plants
  A meliai zombie (D:13)
  3 yaks (Lair:6)
  16 wandering mushrooms
  An orc warrior (Orc:2)
  A hornet zombie (D:9)
  5 necrophages (D:11)
  A crocodile (Lair:6)
  2 orc priests (Orc:2)
  A worker ant zombie (D:10)
  20 ballistomycetes
  14 ballistomycete spores
  A bush (Lair:6)
  26 fungi
  33 plants
  759 toadstools
888 creatures vanquished.

Grand Total: 1815 creatures vanquished

Notes
Turn   | Place    | Note
-------+----------+-------------------------------------------
     0 | D:1      | Leszczynek the Octopode Wanderer began the quest for the Orb.
     0 | D:1      | Leszczynek set off with: a +0 shield, 2 potions of lignification {!q}, a +0 dagger, a bread ration
     0 | D:1      | Reached XP level 1. HP: 16/16 MP: 1/1
     0 | D:1      | okay, time to play like a total bitch and win 3 runes in 110k turns
     0 | D:1      | because that's how you play this shit
     0 | D:1      | 10/15/11 (3/5/4)
   285 | D:1      | Reached XP level 2. HP: 21/21 MP: 2/2
   911 | D:1      | Reached skill level 2 in Unarmed Combat
  1280 | D:2      | Noticed Sigmund
  1335 | D:2      | Reached XP level 3. HP: 26/26 MP: 3/3
  1586 | D:2      | Found a runed door.
  1800 | D:2      | Found a glowing golden altar of the Shining One.
  1815 | D:2      | Found a shimmering altar of Xom.
  2076 | D:3      | Noticed Robin
  2149 | D:3      | Reached skill level 3 in Unarmed Combat
  2214 | D:3      | Found a shimmering altar of Xom.
  2215 | D:3      | Found a hazy altar of Hepliaklqana.
  2215 | D:3      | Noticed a tentacled monstrosity
  2216 | D:3      | Noticed a tentacled monstrosity
  2216 | D:3      | Noticed a spectral ugly thing
  2221 | D:3      | Reached XP level 4. HP: 25/31 MP: 4/4
  2358 | D:3      | Reached skill level 2 in Shields
  2392 | D:3      | HP: 6/31 [adder (3)]
  2397 | D:3      | HP: 4/31 [poisoned by an adder]
  2405 | D:3      | HP: 3/31 [poisoned by an adder]
  2847 | D:3      | Reached skill level 4 in Unarmed Combat
  2847 | D:3      | Reached XP level 5. HP: 35/36 MP: 5/5
  3498 | D:3      | Killed Robin
  3748 | D:3      | Found an iron altar of Okawaru.
  3792 | D:4      | Reached skill level 3 in Shields
  3792 | D:4      | Reached XP level 6. HP: 42/42 MP: 6/6
  3796 | D:4      | Reached skill level 5 in Unarmed Combat
  3902 | D:4      | Found a burning altar of Makhleb.
  4332 | D:4      | Found a deep blue altar of Sif Muna.
  4598 | D:5      | Entered Level 5 of the Dungeon
  4598 | D:5      | Noticed an ice beast
  4751 | D:5      | Found a blossoming altar of Fedhas.
  4799 | D:5      | Became a worshipper of Fedhas Madash
  5066 | D:5      | Noticed Duvessa
  5066 | D:5      | Noticed Dowan
  5165 | D:5      | Reached XP level 7. HP: 26/46 MP: 7/7
  5187 | D:5      | Reached skill level 6 in Unarmed Combat
  5406 | D:5      | Reached skill level 4 in Shields
  6509 | D:6      | Found a shadowy altar of Dithmenos.
  6539 | D:6      | Reached skill level 7 in Unarmed Combat
  6751 | D:6      | Reached XP level 8. HP: 46/52 MP: 8/8
  6785 | D:6      | Noticed a hippogriff
  6987 | D:6      | Reached skill level 5 in Shields
  7118 | D:6      | Reached skill level 8 in Unarmed Combat
  7128 | D:6      | HP: 11/78 [killer bee (5)]
  7351 | D:7      | Found a staircase to the Ecumenical Temple.
  7355 | D:7      | Reached * piety under Fedhas
  7747 | D:7      | Found a stormy altar of Qazlal.
  8072 | D:7      | Reached skill level 9 in Unarmed Combat
  8233 | D:7      | 1 in ~480 chance
  8233 | D:7      | love the rng
  8240 | D:7      | Reached skill level 6 in Shields
  8256 | D:7      | Reached XP level 9. HP: 44/57 MP: 9/9
  8594 | D:7      | Found a snail-covered altar of Cheibriados.
  8625 | D:7      | Reached skill level 4 in Fighting
  8673 | D:7      | Reached skill level 7 in Shields
  9365 | D:6      | Reached skill level 8 in Shields
  9402 | D:8      | Reached skill level 5 in Fighting
  9563 | D:8      | Reached skill level 4 in Dodging
  9680 | D:8      | Reached skill level 6 in Fighting
  9724 | D:8      | Reached XP level 10. HP: 52/68 MP: 9/11
  9727 | D:8      | Reached skill level 2 in Evocations
  9837 | D:8      | oh shit not this
  9837 | D:8      | oh well
  9849 | D:8      | Found a staircase to the Lair.
 10055 | D:8      | Reached skill level 3 in Evocations
 10062 | D:8      | Reached ** piety under Fedhas
 10441 | D:8      | Reached skill level 10 in Unarmed Combat
 10468 | D:8      | Found an opulent altar of Gozag.
 10821 | D:9      | Found a shadowy altar of Dithmenos.
 10923 | D:9      | Found a blossoming altar of Fedhas.
 10953 | D:9      | Reached skill level 4 in Evocations
 11157 | D:9      | Noticed an unseen horror
 11222 | D:9      | Noticed Erolcha
 11273 | D:9      | Reached skill level 5 in Evocations
 11301 | D:9      | Reached skill level 6 in Evocations
 11313 | D:9      | Noticed Erica
 11403 | D:9      | Reached *** piety under Fedhas
 11429 | D:9      | Noticed a three-headed hydra
 11444 | D:9      | Killed a three-headed hydra
 11810 | D:9      | Killed Erolcha
 11810 | D:9      | Reached XP level 11. HP: 42/74 MP: 15/15
 11969 | D:9      | Noticed Grum
 12003 | D:9      | Killed Grum
 12003 | D:9      | Reached skill level 11 in Unarmed Combat
 12011 | D:9      | Reached skill level 7 in Fighting
 12055 | D:9      | just give me those fruits already jesus
 12400 | D:9      | uhhhhh
 12400 | D:9      | bad ideas
 12408 | D:9      | Killed an unseen horror
 12408 | D:9      | Reached skill level 9 in Shields
 12810 | D:10     | Entered Level 10 of the Dungeon
 12810 | D:10     | Noticed a two-headed ogre
 12818 | D:9      | Noticed a two-headed ogre
 12901 | Lair:1   | Entered Level 1 of the Lair of Beasts
 12991 | D:8      | Reached skill level 1 in Invocations
 13187 | Lair:1   | Reached skill level 2 in Invocations
 13307 | Lair:1   | Reached skill level 5 in Dodging
 13675 | Lair:1   | Noticed a seven-headed hydra
 13768 | Lair:2   | Reached skill level 3 in Invocations
 13864 | Lair:2   | what are even invocations for when worshipping fedhas
 13864 | Lair:2   | rain?
 13997 | Lair:2   | Found a staircase to the Shoals.
 14136 | Lair:2   | Noticed a catoblepas
 14137 | Lair:2   | huh
 14317 | Lair:2   | Noticed Nergalle
 14353 | Lair:2   | Killed a catoblepas
 14353 | Lair:2   | Reached skill level 8 in Fighting
 14353 | Lair:2   | Reached skill level 4 in Invocations
 14797 | Lair:2   | Reached **** piety under Fedhas
 15104 | Lair:2   | Reached skill level 6 in Dodging
 15220 | Lair:2   | Reached XP level 12. HP: 67/84 MP: 16/16
 15287 | Lair:2   | Noticed a six-headed hydra
 15347 | Lair:2   | Found a runed door.
 15349 | Lair:2   | huh?
 15349 | Lair:2   | well, time to facecheck then
 15364 | Lair:2   | Noticed a dire elephant
 15365 | Lair:2   | hmmmmmmmmmmmmm
 15367 | Lair:2   | maybe not now
 15434 | Lair:2   | Reached skill level 2 in Stealth
 15443 | Lair:2   | Reached skill level 3 in Stealth
 15443 | Lair:2   | Reached skill level 12 in Unarmed Combat
 15776 | Lair:3   | Reached skill level 4 in Stealth
 16337 | Lair:3   | Reached skill level 5 in Stealth
 16438 | Lair:3   | Noticed Harold
 16499 | Lair:4   | Noticed an eight-headed hydra
 16541 | Lair:3   | Identified a scroll of acquirement
 16637 | Lair:4   | Found a hole to the Spider Nest.
 16761 | Lair:4   | Reached skill level 5 in Invocations
 16931 | Lair:4   | Reached skill level 6 in Invocations
 17228 | Lair:4   | Reached skill level 7 in Invocations
 17570 | Lair:4   | Reached skill level 9 in Fighting
 17575 | Lair:4   | what
 17871 | Lair:5   | Noticed a five-headed hydra
 18307 | Lair:5   | Found a staircase to the Slime Pits.
 18360 | Lair:5   | Noticed a six-headed hydra
 18410 | Lair:6   | Entered Level 6 of the Lair of Beasts
 18537 | Lair:6   | Reached skill level 7 in Dodging
 18585 | Lair:6   | Noticed a death yak
 18597 | Lair:6   | Noticed a death yak
 18601 | Lair:6   | Killed a death yak
 18602 | Lair:6   | Noticed a death yak
 18602 | Lair:6   | Noticed a death yak
 18602 | Lair:6   | Noticed a death yak
 18603 | Lair:6   | Noticed a death yak
 18605 | Lair:6   | Killed a death yak
 18605 | Lair:6   | Reached XP level 13. HP: 53/90 MP: 18/18
 18658 | Lair:6   | Reached skill level 13 in Unarmed Combat
 19254 | Lair:6   | Reached skill level 10 in Shields
 19480 | Lair:6   | Reached skill level 7 in Evocations
 19598 | Lair:6   | Reached skill level 10 in Fighting
 19805 | Lair:6   | Reached skill level 8 in Evocations
 19829 | Lair:6   | Noticed a dire elephant
 19944 | Lair:6   | Killed a dire elephant
 20054 | Lair:6   | Got a shimmering steel amulet
 20055 | Lair:6   | Identified the amulet of Lies {Gourm Slay+3} (You found it on level 6 of the Lair of Beasts)
 20056 | Lair:6   | okay, this is better than faith already
 20088 | Lair:6   | Learned a level 4 spell: Summon Lightning Spire
 20114 | Lair:6   | Reached skill level 1 in Summonings
 20114 | Lair:6   | Reached skill level 1 in Air Magic
 20226 | Lair:6   | Reached skill level 2 in Summonings
 20329 | Lair:6   | Reached skill level 2 in Air Magic
 20790 | Lair:1   | Reached skill level 3 in Summonings
 20838 | Lair:1   | Reached skill level 3 in Air Magic
 21290 | Lair:2   | Killed a dire elephant
 21290 | Lair:2   | Reached skill level 4 in Summonings
 21290 | Lair:2   | Reached skill level 4 in Air Magic
 21832 | Lair:2   | Reached ***** piety under Fedhas
 22641 | D:9      | Found a glowing silver altar of Zin.
 22641 | D:9      | Found an ornate altar of the Wu Jian Council.
 22641 | D:9      | Found a radiant altar of Vehumet.
 22700 | D:9      | Reached skill level 5 in Summonings
 22700 | D:9      | Reached skill level 5 in Air Magic
 22783 | D:10     | Reached XP level 14. HP: 99/99 MP: 20/20
 23631 | D:10     | Reached skill level 6 in Air Magic
 23799 | D:10     | Reached skill level 6 in Summonings
 24053 | D:10     | Reached skill level 1 in Spellcasting
 24138 | D:10     | Learned a level 1 spell: Confusing Touch
 24305 | D:10     | Reached skill level 1 in Hexes
 24441 | D:11     | Reached skill level 2 in Hexes
 24741 | D:11     | Reached skill level 3 in Hexes
 24758 | D:11     | Found Zyrum's Gadget Boutique.
 24859 | D:11     | Reached skill level 4 in Hexes
 25137 | D:11     | Found a blossoming altar of Fedhas.
 25385 | D:12     | Reached skill level 2 in Spellcasting
 25543 | D:12     | Reached skill level 3 in Spellcasting
 26021 | D:12     | Noticed Sonja
 26032 | D:12     | Killed Sonja
 26032 | D:12     | Reached skill level 4 in Spellcasting
 26236 | D:12     | Reached ****** piety under Fedhas
 26599 | D:12     | Found a staircase to the Orcish Mines.
 27402 | Orc:1    | Entered Level 1 of the Orcish Mines
 27410 | Orc:1    | Noticed a stone giant
 27411 | Orc:1    | okayt
 28026 | D:13     | Reached skill level 7 in Air Magic
 28054 | D:13     | Found a gate to the Vaults.
 28144 | D:13     | Reached skill level 7 in Summonings
 29245 | D:14     | Reached skill level 8 in Air Magic
 29440 | D:14     | Noticed Snorg
 29445 | D:14     | Reached skill level 8 in Summonings
 29755 | D:14     | Reached XP level 15. HP: 77/103 MP: 21/21
 30130 | D:14     | Found a blossoming altar of Fedhas.
 30673 | D:15     | Entered Level 15 of the Dungeon
 31001 | D:15     | hm
 31346 | D:15     | Reached skill level 8 in Dodging
 32293 | D:15     | HP: 19/103 [skeletal warrior/halberd[a skeletal warrior] (23)]
 32693 | D:15     | Reached skill level 14 in Unarmed Combat
 32705 | D:15     | well, what now
 32707 | D:15     | orc is blocked at the entrance by several orc and a stone giant
 32707 | D:15     | i can try to go to shoals and oklob the shit out of it
 32707 | D:15     | spider seems lke a certain death
 33151 | D:13     | Reached skill level 8 in Invocations
 33159 | D:13     | Reached skill level 11 in Shields
 33871 | Orc:2    | Entered Level 2 of the Orcish Mines
 34304 | Orc:2    | HP: 20/103 [troll (13)]
 34925 | Orc:2    | Found a staircase to the Elven Halls.
 34936 | Orc:2    | ah, rain is around me
 34936 | Orc:2    | well gg then
 34937 | Orc:2    | HP: 14/103 [stone giant/large rock (41)]
 34943 | Orc:2    | Reached skill level 9 in Invocations
 35468 | Orc:2    | Reached skill level 6 in Stealth
 36831 | Orc:2    | Reached skill level 7 in Stealth
 36984 | Orc:2    | Paralysed by an orc sorcerer for 7 turns
 37004 | Orc:2    | Found Imel's Antique Weapon Shoppe.
 37004 | Orc:2    | Found Xiwniddau's Weapon Boutique.
 37008 | Orc:2    | Found Keirann's Magic Scroll Boutique.
 37008 | Orc:2    | Found Reogunn's Food Shoppe.
 37025 | Orc:2    | Bought a scroll of enchant weapon for 97 gold pieces
 37025 | Orc:2    | Bought a scroll of fog for 26 gold pieces
 37025 | Orc:2    | Bought a scroll of teleportation for 39 gold pieces
 37025 | Orc:2    | Bought a scroll of identify for 26 gold pieces
 37025 | Orc:2    | Bought a scroll of blinking for 97 gold pieces
 37025 | Orc:2    | Bought a scroll of identify for 26 gold pieces
 37025 | Orc:2    | Bought a scroll of summoning for 123 gold pieces
 37025 | Orc:2    | Bought a scroll of enchant weapon for 97 gold pieces
 37025 | Orc:2    | not like i have anything to spend this on
 37025 | Orc:2    | oh wait
 37025 | Orc:2    | i had
 37025 | Orc:2    | i'm stupid
 37111 | D:11     | Bought a fan of gales for 680 gold pieces
 37111 | D:11     | Bought a lamp of fire for 680 gold pieces
 37111 | D:11     | Bought a sack of spiders for 340 gold pieces
 37121 | D:11     | okay, what NOW
 37121 | D:11     | full D, orc, lair, 3 books spawned
 37321 | D:15     | Reached XP level 16. HP: 61/109 MP: 20/22
 37510 | D:15     | Learned a level 4 spell: Summon Ice Beast
 37593 | D:15     | Reached skill level 1 in Ice Magic
 37637 | D:15     | Reached skill level 2 in Ice Magic
 37841 | D:15     | Found a staircase to the Depths.
 37847 | D:15     | soooo, shoals?
 37847 | D:15     | ugh
 38114 | Shoals:1 | Entered Level 1 of the Shoals
 38134 | Shoals:1 | Reached skill level 3 in Ice Magic
 38981 | Shoals:1 | Reached skill level 4 in Ice Magic
 39090 | Shoals:1 | Reached skill level 1 in Throwing
 39335 | Shoals:1 | Reached skill level 2 in Throwing
 39341 | Shoals:1 | HP: 21/110 [harpy (9)]
 39701 | Shoals:1 | Reached skill level 5 in Ice Magic
 40134 | Shoals:1 | Reached skill level 3 in Throwing
 40327 | Shoals:1 | HP: 19/110 [merfolk/glaive (31)]
 40328 | Shoals:1 | Slain by a merfolk

Vault maps used:
D:1:      dpeg_arrival_renting
D:2:      tso_metal_star, first_bread, xom_teletrap_fun, uniq_sigmund,
          uniq_crazy_yiuf_cottage
D:3:      regret_index_temple_of_mockery, marbit_many_paths,
          lightli_sewer_entry_pipes, uniq_robin
D:4:      kennysheep_mini_moat, nicolae_overflow_hidden_temple
D:5:      overflow_temple_1_default, corexii_leaking_fountain,
          kennysheep_cross_room, uniq_duvessa
D:6:      lemuel_crystal_altar, minmay_checkerbox
D:7:      lemuel_doored_altar, old_standard_altar, minmay_temple_entry_statues
D:8:      grunt_lair_entry_orc_guard_hut, basic_altar
D:9:      gammafunk_temple_overflow_forgotten, basic_altar, hangedman_ranch,
          grunt_dithmenos_smoke_and_mirrors, uniq_grum, uniq_erolcha, uniq_erica
D:10:     serial_ice, serial_ice_f, serial_ice_n, serial_ice_e, serial_ice_d
D:11:     serial_shops, shop, fedhas_altar_decomposition
D:12:     kb_forest_paths, uniq_sonja
D:13:     erik_vaults_1
D:14:     kennysheep_decorative_pillar, lemuel_centaur_altar, uniq_snorg
D:15:     grunt_enter_depths_magical_seal
Lair:1:   beast_lair_carwin_3, serial_bayou_shore_a
Lair:2:   gammafunk_lair_enchanted_lake, minmay_shoals_entry_centaurs,
          patterned_corridor, uniq_nergalle
Lair:3:   beast_lair_carwin_10, uniq_harold
Lair:4:   dummy_spider_entry, minivault_19
Lair:5:   nicolae_slime_entry_slimehenge, special_room,
          infiniplex_staircase_pool_2
Lair:6:   grunt_lair_end_beastmaster
Orc:2:    grunt_orc_tribal_feast, guppyfry_orc_lava_fort

Skill      XL: |  1  2  3  4  5  6  7  8  9 10 11 12 13 14 15 16 |
---------------+-------------------------------------------------+-----
Unarmed Combat | 2 3 4 5 7 9 10 11 12 13 14 | 14.0
Shields        | 2 3 4 6 8 9 10 11 | 11.6
Fighting       | 6 8 9 10 | 10.4
Dodging        | 4 6 7 8 |  8.9
Evocations     | 6 8 |  8.6
Invocations    | 4 7 9 |  9.0
Stealth        | 5 7 |  7.4
Summonings     | 5 8 |  8.2
Air Magic      | 5 8 |  8.0
Spellcasting   | 4 |  4.2
Hexes          | 4 |  4.0
Ice Magic      | 5 |  5.6
Throwing       | 3 |  3.6

Action                   |  1- 3 |  4- 6 |  7- 9 | 10-12 | 13-15 | 16-18 || total
-------------------------+-------+-------+-------+-------+-------+-------++-------
Melee: Dagger            |    80 |   142 |   274 |   391 |    53 |       ||   940
       Constrict         |    18 |    43 |    43 |    69 |   155 |    26 ||   354
       Tentacles         |     8 |    22 |    52 |   111 |   310 |    53 ||   556
       Punch             |     4 |     3 |    20 |    44 |   156 |    29 ||   256
       Unarmed           |       |    14 |       |   109 |  1109 |   162 ||  1394
 Fire: Hunting sling     |       |     7 |    12 |   120 |   222 |    30 ||   391
       Blowgun           |       |       |       |       |     1 |       ||     1
Throw: Tomahawk          |       |       |     2 |    16 |     6 |     2 ||    26
 Cast: Summon Lightning  |       |       |       |       |    32 |    16 ||    48
       Confusing Touch   |       |       |       |       |     8 |       ||     8
       Summon Ice Beast  |       |       |       |       |       |     3 ||     3
Invok: Fungal Bloom      |       |     1 |    16 |    62 |   117 |    17 ||   213
       Evolution         |       |       |       |    15 |    13 |     2 ||    30
       Sunlight          |       |       |       |     3 |     9 |     1 ||    13
       Reproduction      |       |       |       |       |     2 |       ||     2
       Rain              |       |       |       |       |     1 |       ||     1
Evoke: Wand              |       |       |    14 |    28 |    33 |     2 ||    77
  Use: Potion            |     1 |     1 |     5 |     1 |     4 |       ||    12
       Scroll            |       |       |    16 |    16 |    20 |     5 ||    57
 Stab: Sleeping          |     9 |    12 |     9 |    11 |    29 |     3 ||    73
       Distracted        |     1 |     1 |       |     7 |    13 |     3 ||    25
       Confused          |       |       |       |     7 |    10 |       ||    17
       Paralysed         |       |       |       |       |     2 |     2 ||     4
  Eat: Chunk             |     4 |     9 |     6 |    20 |    71 |     8 ||   118
       Royal jelly       |       |       |     3 |     4 |     3 |     1 ||    11
       Bread ration      |       |       |     1 |       |       |       ||     1
Armor: Skin              |     6 |     4 |    44 |     5 |    10 |     3 ||    72
Dodge: Dodged            |    22 |    34 |    88 |   179 |   362 |    72 ||   757
Block: Shield            |    17 |    49 |   130 |   287 |   669 |   112 ||  1264
